General information
- name: BNet
- type: Ladder team game (AT/RT)
- host: Battle.net
- saver: StraightTech
map: MarketSquare
- players: 8
- length: 37:28
- speed: Fast
- version: 1.28 W3XP
- replay type: Public
» download(203 KB)
Players
team 1 (loser)
crownz (
yellow | 54 APM | 807 actions | 14:58)
6 Archmage
3 Blizzard
2 Brilliance Aura
1 Mass Teleport
» actions
| Assign group hotkey | 24 | |
| Basic commands | 35 | |
| Build / train | 43 | |
| Enter build submenu | 16 | |
| Enter hero's abilities submenu | 6 | |
| Right click | 255 | |
| Select / deselect | 128 | |
| Select group hotkey | 250 | |
| Use ability | 50 | |
807 total
» units
» upgrades
| Gunpowder | 3 | |
| Armor | 2 | |
| Long Rifles | 1 | |
6 total
» buildings
| Altar of Kings | 1 | |
| Farm | 11 | |
| Blacksmith | 1 | |
| Barracks | 2 | |
| Town Hall | 1 | |
| Keep | 1 | |
| Lumber Mill | 1 | |
| Castle | 1 | |
19 total
» build order
00:26 Altar of Kings
00:35 Farm
01:00 Farm
01:20 Blacksmith
01:36 Barracks
01:46 Farm
01:56 Farm
03:02 Farm
03:49 Town Hall
04:49 Barracks
04:51 Farm
05:04 Farm
05:09 Farm
07:01 Keep
07:08 Lumber Mill
07:12 Farm
07:12 Farm
07:13 Farm
10:51 Castle
earthspasm (
red | 94 APM | 1410 actions | 14:58)
4 Far Seer
2 Feral Spirit
2 Chain Lighting
3 Tauren Chieftain
2 Endurance Aura
1 Shockwave
» actions
| Assign group hotkey | 39 | |
| Basic commands | 44 | |
| Build / train | 52 | |
| ESC pressed | 2 | |
| Enter build submenu | 19 | |
| Enter hero's abilities submenu | 7 | |
| Right click | 491 | |
| Select / deselect | 236 | |
| Select group hotkey | 435 | |
| Use ability | 85 | |
1410 total
» units
| Peon | 9 | |
| Grunt | 3 | |
| Shaman | 5 | |
| Troll Witch Doctor | 5 | |
| Troll Batrider | 6 | |
28 total
» upgrades
| Witch Doctor Training | 2 | |
| Shaman Training | 2 | |
| Reinforced Defenses | 1 | |
| Liquid Fire | 1 | |
| Ranged Weapons | 2 | |
| Armor | 1 | |
| Berserker Strength | 1 | |
10 total
» buildings
| Altar of Storms | 1 | |
| Orc Burrow | 8 | |
| Barracks | 1 | |
| Voodoo Lounge | 1 | |
| Stronghold | 2 | |
| War Mill | 1 | |
| Spirit Lodge | 2 | |
| Fortress | 1 | |
| Watch Tower | 2 | |
| Beastiary | 1 | |
| Great Hall | 1 | |
21 total
» build order
00:07 Altar of Storms
00:11 Orc Burrow
00:12 Orc Burrow
00:49 Barracks
01:31 Orc Burrow
02:43 Voodoo Lounge
03:19 Stronghold
03:19 Stronghold
03:41 Orc Burrow
03:59 War Mill
05:44 Spirit Lodge
05:47 Spirit Lodge
05:49 Fortress
05:54 Orc Burrow
07:04 Watch Tower
07:51 Beastiary
07:54 Orc Burrow
09:26 Orc Burrow
09:28 Watch Tower
12:11 Orc Burrow
13:22 Great Hall
5abivt (
purple | 75 APM | 1129 actions | 14:58)
4 Mountain King
2 Storm Bolt
2 Bash
1 Paladin
1 Holy Light
» actions
| Assign group hotkey | 22 | |
| Build / train | 62 | |
| Enter build submenu | 29 | |
| Enter hero's abilities submenu | 5 | |
| Right click | 474 | |
| Select / deselect | 257 | |
| Select group hotkey | 208 | |
| Use ability | 72 | |
1129 total
» units
| Peasant | 18 | |
| Footman | 9 | |
| Gryphon Rider | 2 | |
29 total
» upgrades
| Masonry | 1 | |
| Defend | 1 | |
| Swords | 2 | |
| Armor | 1 | |
| Animal War Training | 1 | |
| Storm Hammers | 1 | |
7 total
» buildings
| Farm | 23 | |
| Barracks | 1 | |
| Altar of Kings | 1 | |
| Scout Tower | 4 | |
| Arcane Tower | 2 | |
| Arcane Vault | 1 | |
| Lumber Mill | 1 | |
| Keep | 1 | |
| Blacksmith | 1 | |
| Town Hall | 2 | |
| Guard Tower | 3 | |
| Castle | 1 | |
| Gryphon Aviary | 3 | |
44 total
» build order
00:16 Farm
00:19 Farm
00:36 Barracks
00:39 Altar of Kings
01:32 Farm
01:59 Scout Tower
02:10 Farm
02:25 Arcane Tower
02:25 Arcane Tower
03:05 Farm
03:14 Arcane Vault
04:03 Farm
04:31 Lumber Mill
04:44 Farm
05:32 Farm
06:18 Farm
06:19 Farm
07:02 Keep
07:45 Blacksmith
07:46 Farm
09:19 Scout Tower
09:20 Scout Tower
09:22 Scout Tower
10:17 Town Hall
10:56 Farm
10:57 Farm
10:57 Farm
10:59 Farm
11:00 Farm
11:00 Farm
11:01 Farm
11:02 Farm
11:03 Farm
11:39 Guard Tower
11:41 Guard Tower
11:55 Castle
11:56 Guard Tower
12:28 Gryphon Aviary
12:32 Gryphon Aviary
12:36 Gryphon Aviary
13:06 Farm
14:04 Farm
14:07 Farm
14:53 Town Hall
» items
| Scroll of Regeneration | 4 | |
| Lesser Clarity Potion | 3 | |
| Mechanical Critter | 1 | |
| Ivory Tower | 2 | |
10 total

»
TheDylz (
teal | 53 APM | 794 actions | 14:58)
4 Death Knight
2 Death Coil
2 Unholy Aura
» actions
| Assign group hotkey | 26 | |
| Basic commands | 59 | |
| Build / train | 43 | |
| Enter build submenu | 18 | |
| Enter hero's abilities submenu | 4 | |
| Right click | 303 | |
| Select / deselect | 167 | |
| Select group hotkey | 145 | |
| Use ability | 29 | |
794 total
» units
| Acolyte | 3 | |
| Ghoul | 5 | |
| Crypt Fiend | 9 | |
| Obsidian Statue | 2 | |
| Necromancer | 2 | |
21 total
» upgrades
| Creature Carapace | 2 | |
| Creature Attack | 2 | |
| Web | 1 | |
| Burrow | 1 | |
| Necromancer Training | 1 | |
| Skeletal Longevity | 1 | |
8 total
» buildings
| Crypt | 1 | |
| Ziggurat | 7 | |
| Altar of Darkness | 1 | |
| Graveyard | 1 | |
| Tomb of Relics | 1 | |
| Nerubian Tower | 2 | |
| Halls of the Dead | 1 | |
| Temple of the Damned | 2 | |
| Slaughterhouse | 1 | |
| Black Citadel | 1 | |
18 total
» build order
00:25 Crypt
00:27 Ziggurat
00:57 Altar of Darkness
01:10 Graveyard
01:17 Tomb of Relics
01:33 Ziggurat
02:34 Ziggurat
02:38 Nerubian Tower
05:13 Halls of the Dead
05:33 Nerubian Tower
05:36 Ziggurat
09:32 Temple of the Damned
09:35 Temple of the Damned
09:39 Slaughterhouse
12:22 Ziggurat
12:23 Ziggurat
13:09 Ziggurat
13:16 Black Citadel
» items
| Rod of Necromancy | 2 | |
| Scroll of Town Portal | 1 | |
| Potion of Healing | 1 | |
4 total
team 2 (winner)
nudedadarmy (
blue | 50 APM | 498 actions | 09:55)
3 Beastmaster
2 Summon Quilbeast
1 Summon Bear
1 Dark Ranger
1 Black Arrow
» actions
| Build / train | 42 | |
| Enter build submenu | 11 | |
| Enter hero's abilities submenu | 4 | |
| Remove unit from queue | 4 | |
| Right click | 256 | |
| Select / deselect | 145 | |
| Use ability | 36 | |
498 total
» units
» upgrades
» buildings
| Ancient of War | 1 | |
| Altar of Elders | 1 | |
| Moon Well | 5 | |
| Hunter's Hall | 1 | |
| Tree of Ages | 1 | |
| Ancient Protector | 2 | |
| Tree of Eternity | 1 | |
| Ancient of Wonders | 1 | |
13 total
» build order
00:10 Ancient of War
00:16 Altar of Elders
00:22 Moon Well
01:57 Moon Well
02:26 Moon Well
02:55 Hunter's Hall
04:02 Tree of Ages
04:50 Ancient Protector
06:14 Moon Well
06:20 Moon Well
07:40 Tree of Eternity
08:57 Ancient Protector
09:13 Ancient of Wonders
» items
| Boots of Speed | 1 | |
| Circlet of Nobility | 1 | |
2 total
LaLiKiLLeR (
pink | 49 APM | 455 actions | 09:19)
3 Beastmaster
2 Summon Quilbeast
1 Summon Hawk
2 Pandaren Brewmaster
1 Breath of Fire
1 Drunken Brawler
» actions
| Assign group hotkey | 4 | |
| Basic commands | 14 | |
| Build / train | 28 | |
| Enter build submenu | 15 | |
| Enter hero's abilities submenu | 6 | |
| Right click | 173 | |
| Select / deselect | 148 | |
| Select group hotkey | 34 | |
| Use ability | 33 | |
455 total
» units
| Peon | 10 | |
| Grunt | 3 | |
| Troll Headhunter/Berserker | 1 | |
| Forest Troll High Priest | 1 | |
15 total
» upgrades
» buildings
| Barracks | 1 | |
| Orc Burrow | 4 | |
| Altar of Storms | 1 | |
| War Mill | 1 | |
| Voodoo Lounge | 2 | |
| Watch Tower | 3 | |
| Stronghold | 1 | |
| Great Hall | 1 | |
| Fortress | 1 | |
15 total
» build order
00:18 Barracks
00:35 Orc Burrow
00:58 Altar of Storms
01:43 Orc Burrow
01:55 War Mill
03:00 Voodoo Lounge
03:40 Watch Tower
03:40 Watch Tower
04:18 Stronghold
05:02 Great Hall
05:22 Voodoo Lounge
05:50 Orc Burrow
06:14 Orc Burrow
07:21 Watch Tower
07:46 Fortress
» items
| Healing Salve | 1 | |
| Lesser Clarity Potion | 1 | |
2 total
GLHFDDKE (
orange | 37 APM | 377 actions | 10:07)
4 Death Knight
2 Death Coil
2 Unholy Aura
» actions
| Assign group hotkey | 34 | |
| Basic commands | 8 | |
| Build / train | 23 | |
| ESC pressed | 1 | |
| Enter build submenu | 19 | |
| Enter hero's abilities submenu | 4 | |
| Give item / drop item | 1 | |
| Right click | 133 | |
| Select / deselect | 77 | |
| Select group hotkey | 55 | |
| Use ability | 22 | |
377 total
» units
| Acolyte | 2 | |
| Ghoul | 4 | |
| Crypt Fiend | 7 | |
13 total
» upgrades
» buildings
| Altar of Darkness | 1 | |
| Ziggurat | 9 | |
| Graveyard | 1 | |
| Crypt | 2 | |
| Halls of the Dead | 1 | |
| Tomb of Relics | 1 | |
| Black Citadel | 1 | |
| Sacrificial Pit | 1 | |
17 total
» build order
00:16 Altar of Darkness
00:21 Ziggurat
00:59 Graveyard
01:04 Crypt
01:29 Crypt
01:51 Ziggurat
04:10 Ziggurat
04:17 Ziggurat
05:04 Halls of the Dead
05:58 Ziggurat
06:02 Ziggurat
06:55 Tomb of Relics
07:35 Black Citadel
08:45 Sacrificial Pit
08:49 Ziggurat
08:50 Ziggurat
08:52 Ziggurat
» items
Chat log
(00:41 / Allies) nudedadarmy: tk him and take over base
(00:44 / Allies) nudedadarmy: we stand a chance
(00:47 / Allies) LaLiKiLLeR: i will
(00:50 / Allies) nudedadarmy: ty
(01:06 / Allies) nudedadarmy: played him last game
(01:17 / Allies) LaLiKiLLeR: hes lvl 1
(01:25 / Allies) nudedadarmy: yup
(01:34 / Allies) LaLiKiLLeR: = hes a piece of shit
(01:48 / Allies) nudedadarmy: just take over we can pull it off